 Dungeon Crawl Stone Soup version 0.19-a0-965-g50bf062 (webtiles) character file.

603 4thArraOfDagon the Chopper (level 7, 0/93 HPs)
             Began as a Minotaur Abyssal Knight on July 12, 2016.
             Was a Believer of Lugonu.
             Slain by Prince Ribbit (7 damage)
             ... on level 5 of the Dungeon.
             The game lasted 00:09:40 (1539 turns).

4thArraOfDagon the Chopper (MiAK)                   Turns: 1539, Time: 00:09:41

Health: 0/93       AC: 23    Str: 16 (17) XL:     7   Next: 18%
Magic:  8/8        EV:  2    Int:  9 (11) God:    Lugonu [**....]
Gold:   53         SH:  0    Dex:  7 (9)  Spells: 1 memorised, 5 levels left

rFire  . . .     SeeInvis .     a - +2 hand axe
rCold  . . .     Gourm    .     (armour currently unavailable)
rNeg   + + +     Faith    .     (no shield)
rPois  +         Spirit   .     (helmet currently unavailable)
rElec  .         Dismiss  .     (cloak currently unavailable)
rCorr  .         Reflect  .     (gloves currently unavailable)
SustAt .         Harm     .     (boots currently unavailable)
MR     .....     NoTele   +     (no amulet)
Stlth  +.........               (no ring)
                                (no ring)

@: tree-form, very slightly contaminated, invisible, not resistant to hostile
enchantments, very unstealthy
A: (retaliatory headbutt), (horns 0)
a: Depart the Abyss, Bend Space, Renounce Religion


You were on level 5 of the Dungeon.
You worshipped Lugonu.
Lugonu was pleased with you.
You were not hungry.
You were a tree.
You visited 1 branch of the dungeon, and saw 7 of its levels.
You visited the Abyss 1 time.

You collected 109 gold pieces.
You spent 56 gold pieces at shops.

Inventory:

Hand Weapons
 a - a +2 hand axe (weapon)
Armour
 b - a +0 leather armour
 h - a +0 cloak (melded)
 i - a +0 ice dragon armour (melded)
 o - a swamp dragon hide
Wands
 g - a wand of disintegration (2/24)
 m - a wand of acid (0/15)
Scrolls
 d - 2 scrolls of enchant weapon
 k - 2 scrolls of random uselessness {unknown}
 l - a scroll of fog {unknown}
 s - 3 scrolls of amnesia
Potions
 p - a potion of degeneration
Comestibles
 c - a bread ration
 f - a meat ration


   Skills:
 + Level 5.7 Fighting
 * Level 6.1 Axes
 + Level 4.5 Armour
 - Level 1.1 Dodging
 + Level 3.9 Invocations


You had 5 spell levels left.
You knew the following spells:

 Your Spells              Type           Power        Failure   Level  Hunger
a - Apportation           Tloc           #.........   38%         1    ##.....


Dungeon Overview and Level Annotations

Branches:
Dungeon (7/15)
 Temple: D:4-7

Altars:
Fedhas

Shops:
D:4 *

Annotations:
D:3 Tungsten's ghost, amateur VSMo
D:5 Prince Ribbit


Innate Abilities, Weirdness & Mutations

((You reflexively headbutt those who attack you in melee.))
((You have a pair of horns on your head.))


Message History

Prince Ribbit is almost dead.
Prince Ribbit barely misses you.
You miss Prince Ribbit.
Prince Ribbit is almost dead.
Prince Ribbit hits you!
* * * LOW HITPOINT WARNING * * *
Prince Ribbit hits you!
* * * LOW HITPOINT WARNING * * *
Unknown command.
You miss Prince Ribbit.
Prince Ribbit is almost dead.
Prince Ribbit hits you but does no damage.
You barely miss Prince Ribbit.
Prince Ribbit is almost dead.
Prince Ribbit hits you but does no damage.
You barely miss Prince Ribbit.
Prince Ribbit is almost dead.
Prince Ribbit hits you but does no damage.
Prince Ribbit hits you!
You die...

#### ...####### ## #....$..#
.. ##.......#
.###.#........##########
####............♣....... ...
.....(#.#.#.#+#.#F#.#.#.....
.P.P..+#.#.#.#.#.#.#.#+...
._...#S#.#.#.#.#.#.#.#..
.P.P.#.#.#.#.#.#.#.#.#.#+##
......#?#.#.#.#.#.#(#.#.#.#
#.#h#.#+#.#.#.#.#.#.#.#.#
#.>.#.....#.#.#)#.#.#.#.
#.#.#+....#.#.#.#.#.#.#.#


You could see Prince Ribbit.

Vanquished Creatures
  An ice beast (D:6)
  A slave (D:7)
  An ogre (D:7)
  A giant frog (D:5)
  2 scorpions
  A howler monkey (D:7)
  A centaur skeleton (D:4)
  An orc wizard (D:6)
  3 worker ants
  3 adders
  A shadow imp (D:6)
  An ooze (D:1)
  An adder skeleton (D:4)
  An adder zombie (D:5)
  2 giant geckos
  9 orcs
  A ball python (D:4)
  A giant cockroach (D:4)
  3 goblins (D:1)
  7 hobgoblins
  4 jackals (D:5)
  A kobold (D:1)
  2 quokkas
  4 bats
  A giant newt (D:4)
  A jackal skeleton (D:4)
  3 rats
58 creatures vanquished.

Vanquished Creatures (others)
  An orc (D:6)
1 creature vanquished.

Grand Total: 59 creatures vanquished

Notes
Turn   | Place    | Note
-------+----------+-------------------------------------------
     0 | Abyss:1  | 4thArraOfDagon the Minotaur Abyssal Knight began the quest for the Orb.
     0 | Abyss:1  | Reached XP level 1. HP: 19/19 MP: 1/1
    50 | Abyss:2  | Noticed a neqoxec
    51 | Abyss:2  | Noticed a shadow
   115 | Abyss:3  | Noticed a golden eye
   116 | D:1      | Escaped the Abyss
   134 | D:1      | wow
   134 | D:1      | ida,3identify,wand of disint
   168 | D:1      | oh and book of cantri[s
   261 | D:1      | Reached * piety under Lugonu
   274 | D:1      | Reached XP level 2. HP: 27/27 MP: 2/2
   372 | D:1      | Reached skill level 3 in Axes
   447 | D:3      | Learned a level 1 spell: Apportation
   471 | D:3      | Reached XP level 3. HP: 9/33 MP: 3/3
   712 | D:3      | Noticed Tungsten's ghost (amateur VSMo)
   736 | D:4      | Reached XP level 4. HP: 39/40 MP: 4/4
   892 | D:3      | Reached skill level 4 in Axes
   979 | D:5      | Entered Level 5 of the Dungeon
   999 | D:6      | Noticed an ice beast
  1015 | D:7      | Noticed an ogre
  1026 | D:7      | Killed an ogre
  1026 | D:7      | Reached skill level 5 in Fighting
  1026 | D:7      | Reached XP level 5. HP: 44/48 MP: 6/6
  1034 | D:7      | Reached ** piety under Lugonu
  1088 | D:7      | Noticed a slave
  1111 | D:7      | Reached XP level 6. HP: 41/56 MP: 7/7
  1118 | D:7      | Reached skill level 5 in Axes
  1124 | D:7      | Killed a slave
  1136 | D:7      | Noticed a hungry ghost
  1211 | D:6      | HP: 1/56 [orc wizard/puff of flame (10)]
  1240 | D:6      | Killed an ice beast
  1271 | D:6      | Noticed Prince Ribbit
  1271 | D:5      | Found a blossoming altar of Fedhas.
  1271 | D:5      | Noticed an orc warrior
  1285 | D:5      | Reached XP level 7. HP: 11/62 MP: 8/8
  1371 | D:4      | Found Tuacs's Assorted Antiques.
  1379 | D:4      | Bought a scroll labeled LAUBRI LYROBA for 28 gold pieces
  1379 | D:4      | Bought a scroll labeled LAUBRI LYROBA for 28 gold pieces
  1463 | D:5      | Reached skill level 6 in Axes
  1539 | D:5      | Slain by Prince Ribbit

Vault maps used:
D:1:      minmay_arrival_wavy_path, minmay_door_square
D:2:      lemuel_round_altar, lemuel_doored_altar
D:3:      minmay_misc_feat_rugged, minmay_mini_jars, uniq_jessica
D:4:      kennysheep_little_box, first_bread, serial_shops,
          nicolae_shop_temple_entry_statues_fountains
D:5:      gammafunk_temple_overflow_wave, fedhas_altar_1
D:6:      nicolae_tso_swordbearing_angel, kennysheep_mini, marbit_many_paths,
          overflow_temple_1_default, uniq_edmund, uniq_prince_ribbit1
D:7:      serial_shops, shop, the_bakery, uniq_pikel
Abyss:3:  evilmike_nicolae_abyss_rune_betentacled_crabyss

Skill      XL: |  1  2  3  4  5  6  7 |
---------------+----------------------+-----
Fighting       | 4 5 |  5.7
Axes           | 3 4 5 6 |  6.1
Invocations    | 2 3 |  3.9
Armour         | 3 4 |  4.5
Dodging        | |  1.1

Action                   |  1- 3 |  4- 6 |  7- 9 || total
-------------------------+-------+-------+-------++-------
Melee: Hand axe          |    76 |    95 |    44 ||   215
       Headbutt          |     9 |    12 |     4 ||    25
Invok: Depart the Abyss  |     1 |       |       ||     1
Evoke: Wand              |     2 |    10 |       ||    12
  Use: Scroll            |     3 |     4 |       ||     7
       Potion            |     1 |     7 |     3 ||    11
 Stab: Invisible         |       |     8 |     2 ||    10
  Eat: Chunk             |       |     1 |       ||     1
       Bread ration      |       |     1 |       ||     1
Armor: Ice dragon armour |    45 |    78 |    27 ||   150
       Skin              |       |       |     8 ||     8
Dodge: Dodged            |    49 |    88 |    23 ||   160
